 Dungeon Crawl Stone Soup version 0.28-a0-1234-g826d19b2e0 (webtiles) character file.

Game seed: 5718781480651068198

178 r3xj the Covered (level 5, -2/47 HPs)
             Began as a Minotaur Fighter on Dec 23, 2021.
             Killed from afar by Sigmund (9 damage)
             ... with a puff of flame
             ... on level 3 of the Dungeon on Dec 24, 2021.
             The game lasted 00:08:20 (3175 turns).

r3xj the Covered (Minotaur Fighter)                 Turns: 3175, Time: 00:08:20

Health: -2/47      AC:  7    Str: 22    XL:     5   Next: 32%
Magic:  4/4        EV:  9    Int:  5    God:
Gold:   131        SH:  4    Dex: 10    Spells: 4/4 levels left

rFire   . . .      SeeInvis .   a - +0 flail
rCold   . . .      Faith    .   c - +0 buckler
rNeg    . . .      Spirit   .   b - +0 scale mail
rPois   .          Reflect  .   (helmet restricted)
rElec   .          Harm     .   (no cloak)
rCorr   .          Rampage  .   (no gloves)
Will    .....                   (no boots)
Stlth   ..........              (no amulet)
HPRegen 0.15/turn               (no ring)
MPRegen 0.09/turn               (no ring)

@: no status effects
A: horns 2, retaliatory headbutt
a: no special abilities


You were on level 3 of the Dungeon.
You visited 1 branch of the dungeon, and saw 3 of its levels.

You collected 131 gold pieces.

Inventory:

Hand Weapons
 a - a +0 flail (weapon)
Missiles
 j - 15 poisoned darts (quivered)
Armour
 b - a +0 scale mail (worn)
 c - a +0 buckler (worn)
Wands
 f - a wand of iceblast (3)
Scrolls
 e - a scroll of vulnerability {unknown}
 g - a scroll of amnesia {unknown}
 k - a scroll of teleportation {unknown}
Potions
 d - a potion of might
 h - a potion of heal wounds {unknown}
 i - a potion of haste {unknown}
 l - a potion of curing {unknown}


   Skills:
 + Level 4.7 Fighting
 + Level 4.0 Maces & Flails
 + Level 4.8 Armour
 - Level 4.8 Shields


You had 4 spell levels left.
You didn't know any spells.
Your spell library was empty.

Dungeon Overview and Level Annotations

Branches:
Dungeon (3/15)

Altars:
Nemelex Xobeh
Vehumet

Shops:
D:1 :

Annotations:
D:3 exclusion: statue, Sigmund


Innate Abilities, Weirdness & Mutations

You have a pair of horns on your head.
You reflexively headbutt those who attack you in melee.


Message History

Sigmund is nearby!
Sigmund is nearby!
Sigmund is nearby!
Sorry, you're not good enough to have a special ability.
Unknown command.
Sigmund zaps a wand.
The puff of flame misses you.
Sigmund zaps a wand.
The puff of flame hits you! Sigmund hits you with a +0 scythe.
You barely miss Sigmund. Sigmund barely misses you.
You thump Sigmund!
Sigmund is moderately wounded.
Sigmund gestures at you while chanting.
You are confused.
Sigmund misses you.
You hit Sigmund. Your headbutt misses Sigmund.
Sigmund is moderately wounded.
Sigmund zaps a wand.
The puff of flame hits you!
Sigmund zaps a wand.
The puff of flame misses you.
Sigmund points at you and mumbles some strange words.
The puff of flame hits you!
You feel less confused. You block Sigmund's attack.
You hit Sigmund but do no damage.
Sigmund is moderately wounded.
You hit Sigmund. Your headbutt misses Sigmund.
Sigmund is heavily wounded.
Sigmund misses you.
You barely miss Sigmund.
Sigmund is heavily wounded.
Sigmund casts a spell at you. The puff of flame hits you!
* * * LOW HITPOINT WARNING * * *
You hit Sigmund but do no damage.
Sigmund is heavily wounded.
Sigmund barely misses you.
You sock Sigmund! Your headbutt misses Sigmund.
Sigmund is almost dead.
Sigmund casts a spell at you. The puff of flame hits you!
You die...

##........#*#.)...**,****
###..##.....#*.....#**,,*
#####......(#...##(....#***,*
.......######...#.......,**,*
..........[[............,**,*
.###.###########...#....,**,*
#......,,..........#,#*#***,*
#....##....##.....#..###***,*
.....#*,#***##.)@........,,,*
####.#*,* #....<@.#.#####****
#.#*,**#.....)...# ,8
*,#*,*...###....##
,,,*,,*,*...**.....#
,_,*,,*,*.#*,....###
,,,*,,,,,,**.....#
,,,*,,,,,***.....#**********
,,,*,,,*,,,,,,,,,,,,,,,,,,,*


You could see Sigmund.

Vanquished Creatures
  A hound (D:2)
  An orc wizard (D:3)
  Robin (D:2)
  2 adders (D:2)
  A worm (D:2)
  2 dart slugs
  4 orcs (D:3)
  6 ball pythons
  4 endoplasms
  2 giant cockroaches
  18 goblins
  10 hobgoblins
  3 quokkas
  5 bats
  2 frilled lizards (D:3)
  7 kobolds
  9 rats
78 creatures vanquished.

Notes
Turn   | Place    | Note
-------+----------+-------------------------------------------
     0 | D:1      | r3xj the Minotaur Fighter began the quest for the Orb.
     0 | D:1      | Reached XP level 1. HP: 19/19 MP: 0/0
   255 | D:1      | Reached XP level 2. HP: 27/27 MP: 1/1
   567 | D:1      | Found Hiupiorr's Book Shoppe.
  1104 | D:2      | Found a sparkling altar of Nemelex Xobeh.
  1111 | D:2      | Found a faded altar of an unknown god.
  1257 | D:2      | Reached XP level 3. HP: 30/33 MP: 2/2
  1736 | D:2      | Reached XP level 4. HP: 40/40 MP: 3/3
  2348 | D:3      | Found a radiant altar of Vehumet.
  2348 | D:3      | Noticed a frost-covered statue
  2351 | D:3      | Noticed Robin
  2358 | D:3      | Noticed Sigmund
  2390 | D:2      | Reached XP level 5. HP: 28/47 MP: 4/4
  2539 | D:2      | Killed Robin
  3175 | D:3      | Killed from afar by Sigmund

Illustrated notes

Levels and vault maps discovered:
D:1:      lightli_arrival_statuegarden, layout_loops_ring, serial_shops, shop,
          kennysheep_another_room
D:2:      layout_basic, ebering_ecumenical_altar_mist, basic_altar
D:3:      layout_rooms, vehumet_statue, uniq_sigmund, uniq_robin

Skill      XL: |  1  2  3  4  5 |
---------------+----------------+-----
Armour         | 4 |  4.8
Shields        | 4 |  4.8
Maces & Flails | 3 4 |  4.0
Fighting       | 4 |  4.7

Action                   |  1- 3 |  4- 6 || total
-------------------------+-------+-------++-------
Melee: Flail             |    97 |    70 ||   167
       Headbutt          |    13 |    12 ||    25
Armor: Scale mail        |    47 |    44 ||    91
Dodge: Dodged            |    46 |    58 ||   104
Block: Buckler           |    21 |    17 ||    38

Table legend: (Time is in decaauts)
 A = Elapsed time spent in this place.
 B = Non-inter-level travel time spent in this place.
 C = Inter-level travel time spent in this place.
 D = Time resting spent in this place.
 E = Time spent auto-exploring this place.
 F = Levels seen in this place.
 G = Mean time per level.
                   A        B        C        D        E       F      G
               +--------+--------+--------+--------+--------+-----+--------+
         Total |   3218 |   3053 |    165 |    437 |   2102 |   3 | 1072.7 |
       Dungeon |   3218 |   3053 |    165 |    437 |   2102 |   3 | 1072.7 |
               +--------+--------+--------+--------+--------+-----+--------+

Top non-repeatable levels by time:
     D:2: 1459 daAuts
     D:1: 1028 daAuts
     D:3: 731 daAuts
